 Dungeon Sprint DCSS version 0.22.1-1-ga44c0e56f4 (webtiles) character file.

66103 MuseOD the Imperceptible (level 13, -1/76 HPs)
             Began as a Spriggan Enchanter on Oct 1, 2018.
             Was the Champion of Dithmenos.
             Slain by an azure jelly (37 damage)
             ... in the Dungeon (Sprint III: "The Ten Rune Challenge").
             The game lasted 00:18:00 (5371 turns).

MuseOD the Imperceptible (Spriggan Enchanter)       Turns: 5371, Time: 00:18:00

Health: -1/76      AC:  4    Str:  4    XL:     13   Next: 62%
Magic:  23/33      EV: 34    Int: 24    God:    Dithmenos [******]
Gold:   403        SH:  0    Dex: 17    Spells: 16/43 levels left

rFire    . . .     SeeInvis +   a - +1 dagger
rCold    . . .     Gourm    .   (shield restricted)
rNeg     . . .     Faith    .   b - +0 robe
rPois    .         Spirit   .   l - +2 hat {Int+3}
rElec    .         Reflect  .   (no cloak)
rCorr    .         Harm     .   (gloves unavailable)
MR       ++...     NoTele   +   (boots unavailable)
Stlth    ++++++++++             (no amulet)
HPRegen  0.22/turn              (no ring)
MPRegen  0.23/turn              (no ring)

@: very slightly contaminated, wreathed by umbra, very quick
A: very small, unfitting armour, see invisible, herbivore, speed 3, slow
metabolism 2
}: 2/10 runes: serpentine, barnacled
a: Shadow Step, Shadow Form, Renounce Religion


You were in the Dungeon.
You worshipped Dithmenos.
Dithmenos was exalted by your worship.
You were not hungry.

You visited 1 branch You collected 1508 gold pieces.
You spent 1105 gold pieces at shops.

Inventory:

Hand Weapons
 a - a +1 dagger (weapon)
Armour
 b - a +0 robe (worn)
 l - a +2 hat of intelligence (worn)
Wands
 q - a wand of enslavement (15)
 s - a wand of disintegration (18)
Scrolls
 k - a scroll of holy word
 m - 3 scrolls of remove curse
 o - a scroll of immolation
 p - a scroll of fear {unknown}
Potions
 c - 6 potions of mutation
 e - 3 potions of curing
 f - 2 potions of heal wounds
 g - 2 potions of haste
 h - a potion of magic
 i - 3 potions of berserk rage
 j - a potion of agility {unknown}
 n - 2 potions of flight {unknown}
 r - a potion of might
 t - a potion of degeneration {unknown}
Comestibles
 d - 21 rations


   Skills:
 + Level 12.6 Fighting
 + Level 17.5 Short Blades
 + Level 20.2 Dodging
 + Level 21.2 Stealth
 - Level 15.5 Spellcasting
 + Level 6.1 Conjurations
 - Level 12.8 Hexes
 + Level 8.0 Poison Magic
 - Level 11.0 Evocations


You had 16 spell levels left.
You knew the following spells:

 Your Spells              Type           Power        Failure   Level  Hunger
a - Corona                Hex            ######.      0%          1    None
b - Ensorcelled Hibernat  Hex/Ice        #####.       1%          2    None
c - Confuse               Hex            ######..     1%          3    None
d - Dazzling Spray        Conj/Hex       ######       1%          3    None
e - Invisibility          Hex            ######..     2%          6    ####...
f - Alistair's Intoxicat  Tmut/Pois      #####...     16%         5    ##.....
g - Throw Flame           Conj/Fire      ####..       1%          2    None
h - Fireball              Conj/Fire      ####......   24%         5    ##.....

Your spell library contained the following spells:

 Spells                   Type           Power        Failure   Level  Hunger
 Confusing Touch          Hex            ######       0%          1    None
 Flame Tongue             Conj/Fire      ####.        1%          1    None
 Inner Flame              Hex/Fire       #####...     1%          3    None
 Tukima's Dance           Hex            ######..     1%          3    None
 Conjure Flame            Conj/Fire      ####....     2%          3    None
 Animate Skeleton         Necr           N/A          3%          1    None
 Apportation              Tloc           ###...       3%          1    None
 Summon Butterflies       Summ           ###.....     3%          1    None
 Summon Small Mammal      Summ           ###.         3%          1    None
 Lesser Beckoning         Tloc           ###.......   9%          3    None
 Sticky Flame             Conj/Fire      ####....     9%          4    None


Dungeon Overview and Level Annotations

Branches:
Dungeon (1/1)

Altars:
Dithmenos
Elyvilon
Fedhas
Kikubaaqudgha
Okawaru
Ru
Sif Muna
Trog
Uskayaw
Vehumet
Wu Jian
Yredelemnul
Zin
The Shining One
Beogh

Shops:
D :(%(!:?


Innate Abilities, Weirdness & Mutations

You are very small and have problems with some larger weapons.
You are too small for most types of armour.
You have supernaturally acute eyesight. (SInv)
You are a herbivore.
You cover ground extremely quickly.
You need to consume almost no food.


Message History

The azure jelly quivers.
The azure jelly is engulfed in a cloud of scalding steam.
Casting: Throw Flame (safe; 1% risk of failure)
Confirm with . or Enter, or press ? or * to list all spells.
Aiming: Throw Flame (safe; 1% risk of failure)
Press: ? - help, Shift-Dir - straight line, f/p - azure jelly
Aim: an azure jelly (severely wounded, umbra)
The puff of flame hits the azure jelly.
The azure jelly is burned terribly!
The azure jelly is severely wounded.
Okay, then.
Magic courses through your body.
Casting: Throw Flame (safe; 1% risk of failure)
Confirm with . or Enter, or press ? or * to list all spells.
Aiming: Throw Flame (safe; 1% risk of failure)
Press: ? - help, Shift-Dir - straight line, f/p - azure jelly
Aim: an azure jelly (severely wounded, umbra)
The puff of flame hits the azure jelly.
The azure jelly is burned terribly!
The azure jelly is almost dead.
The azure jelly hits you! The azure jelly freezes you!!!
You die...

[#..≈≈≈≈...♣E+.⌠........#...#.#.#
'#..≈≈≈≈≈≈♣..#...######'#)###.#.#
.#.≈≈≈≈≈≈....#.⌠.# #..†#'#######
.#.≈≈≈≈≈.....#...# #...#.[..#)#)
.#.≈≈≈....÷..#)### #...##)#))#.#
##...........#.).# #...'##)#.#.#
.............#___# +...#)))#..#.
▓▓▓▓▓▓▓▓▓▓▓▓▓▓▓▓▓▓ ▓▓▓▓▓▓▓▓▓▓▓▓▓
'§≈≈§§≈≈≈≈♣♣...J@♣♣♣♣≈≈≈........≈
#§§≈§§§J≈≈♣♣.≈≈≈≈'♣♣'♣≈≈≈≈≈≈≈≈≈≈≈
#§§§§§≈≈≈≈≈'.....#.≈♣♣♣♣♣♣♣♣♣♣♣♣♣
#§§§§§≈§≈≈♣♣♣♣♣♣♣#..♣♣
#§§§≈≈§≈.≈♣ ###'♣♣♣♣♣♣♣♣♣♣♣♣
####'#######♣ ♣♣♣♣.##..##≈≈≈≈≈≈
........)..J♣♣ ♣...##.##.#≈≈≈≈≈.
############'♣ ♣♣.##.##.##'≈≈≈≈≈
#≈.....JJ....♣ ♣..#.##...#≈≈...


You could see an azure jelly.

Vanquished Creatures
  Sigmund (D)
  Rupert (D)
  Polyphemus (D)
  Gastronok (D)
  An azure jelly (D)
  Ilsuiw (D)
  A nagaraja (D)
  2 dire elephants (D)
  A merfolk javelineer (D)
  Erolcha (D)
  4 anacondas (D)
  A naga warrior (D)
  Urug (D)
  4 death yaks (D)
  A death drake (D)
  A spriggan druid (D)
  A sea snake (D)
  A lindwurm (D)
  A deep elf mage (D)
  2 elephants (D)
  7 black mambas (D)
  A guardian serpent (D)
  Edmund (D)
  2 spiny frogs (D)
  A rime drake (D)
  3 yaktaurs (D)
  A komodo dragon (D)
  A queen bee (D)
  3 wandering mushrooms (D)
  2 tyrant leeches (D)
  2 orc high priests (D)
  8 blink frogs (D)
  3 dream sheep (D)
  A shadow (D)
  2 spriggans (D)
  5 redbacks (D)
  4 water moccasins (D)
  2 nagas (D)
  2 orc warriors (D)
  A swamp drake (D)
  A necrophage (D)
  5 two-headed ogres (D)
  28 killer bees (D)
  An electric eel (D)
  4 orc priests (D)
  A jelly (D)
  A wizard (D)
  Jessica (D)
  A necromancer (D)
  4 orc wizards (D)
  A kobold demonologist (D)
  3 humans (D)
  4 adders (D)
  A phantom (D)
  7 orcs (D)
  3 rats (D)
146 creatures vanquished.

Vanquished Creatures (others)
  2 draconian scorchers (D)
  Nessos (D)
  2 hydras (D)
  6 hellions (D)
  3 yaktaurs (D)
  An orc high priest (D)
  3 killer bees (D)
  2 orc priests (D)
  11 plants (D)
31 creatures vanquished.

Grand Total: 177 creatures vanquished

Notes
Turn   | Place    | Note
-------+----------+-------------------------------------------
     0 | D        | MuseOD the Spriggan Enchanter began the quest for the Orb.
     0 | D        | Reached XP level 1. HP: 9/9 MP: 5/5
    11 | D        | Noticed Jessica
    16 | D        | Killed Jessica
    16 | D        | Reached skill level 6 in Stealth
    16 | D        | Reached XP level 2. HP: 15/15 MP: 6/6
    20 | D        | Learned a level 2 spell: Ensorcelled Hibernation
    41 | D        | Reached skill level 5 in Short Blades
    41 | D        | Reached XP level 3. HP: 19/19 MP: 8/8
    46 | D        | Learned a level 3 spell: Confuse
    80 | D        | Reached skill level 7 in Stealth
    99 | D        | Killed a hellion
   140 | D        | Killed a hellion
   140 | D        | Killed a hellion
   143 | D        | Killed a hellion
   143 | D        | Killed a hellion
   146 | D        | Killed a hellion
   170 | D        | Killed a yaktaur
   257 | D        | Killed a white draconian scorcher
   260 | D        | Killed a white draconian scorcher
   267 | D        | Noticed a water elemental
   304 | D        | Found a basalt altar of Yredelemnul.
   304 | D        | Found a shadowy altar of Dithmenos.
   304 | D        | Found a sacrificial altar of Ru.
   304 | D        | Noticed a necrophage
   304 | D        | Noticed a necromancer
   306 | D        | Killed a necromancer
   306 | D        | Reached XP level 4. HP: 24/24 MP: 9/9
   307 | D        | Killed a necrophage
   307 | D        | Reached skill level 9 in Stealth
   307 | D        | Reached XP level 5. HP: 29/29 MP: 10/10
   311 | D        | Became a worshipper of Dithmenos the Shadowed
   322 | D        | Found a glowing silver altar of Zin.
   322 | D        | Found a glowing golden altar of the Shining One.
   322 | D        | Found a white marble altar of Elyvilon.
   322 | D        | Noticed a deep elf mage
   325 | D        | Killed a deep elf mage
   325 | D        | Reached skill level 12 in Stealth
   325 | D        | Reached XP level 6. HP: 37/37 MP: 11/11
   325 | D        | Reached XP level 7. HP: 41/41 MP: 12/12
   328 | D        | Found a hide-covered altar of Uskayaw.
   328 | D        | Found a roughly hewn altar of Beogh.
   328 | D        | Found an iron altar of Okawaru.
   328 | D        | Found a bloodstained altar of Trog.
   328 | D        | Found an ornate altar of the Wu Jian Council.
   328 | D        | Noticed a human
   328 | D        | Noticed a human
   333 | D        | Killed a human
   333 | D        | Reached skill level 5 in Dodging
   334 | D        | Killed a human
   334 | D        | Reached * piety under Dithmenos
   334 | D        | Reached skill level 5 in Spellcasting
   334 | D        | Reached skill level 5 in Evocations
   387 | D        | Found a radiant altar of Vehumet.
   388 | D        | Found a deep blue altar of Sif Muna.
   388 | D        | Found an ancient bone altar of Kikubaaqudgha.
   536 | D        | Learned a level 3 spell: Dazzling Spray
   648 | D        | Noticed a shadow
   650 | D        | Killed a shadow
   650 | D        | Reached ** piety under Dithmenos
   650 | D        | Reached XP level 8. HP: 45/45 MP: 16/18
   669 | D        | Reached *** piety under Dithmenos
   684 | D        | Noticed a two-headed ogre
   687 | D        | Killed a two-headed ogre
   687 | D        | Reached skill level 10 in Dodging
   691 | D        | Noticed Erolcha
   692 | D        | Noticed a two-headed ogre
   694 | D        | Killed Erolcha
   694 | D        | Reached skill level 10 in Spellcasting
   694 | D        | Reached skill level 10 in Evocations
   694 | D        | Reached XP level 9. HP: 49/49 MP: 20/24
   695 | D        | Killed a two-headed ogre
   715 | D        | Reached **** piety under Dithmenos
   733 | D        | Noticed Sigmund
   734 | D        | Noticed Edmund
   751 | D        | Killed Edmund
   751 | D        | Reached skill level 13 in Stealth
   758 | D        | Killed Sigmund
   758 | D        | Reached skill level 15 in Stealth
   758 | D        | Reached XP level 10. HP: 19/56 MP: 17/27
  1136 | D        | Reached ***** piety under Dithmenos
  1241 | D        | Reached skill level 15 in Dodging
  1373 | D        | Reached XP level 11. HP: 60/60 MP: 22/29
  1436 | D        | Reached skill level 16 in Stealth
  1602 | D        | Reached ****** piety under Dithmenos
  1682 | D        | Noticed a lindwurm
  1685 | D        | Killed a lindwurm
  1692 | D        | Reached skill level 10 in Hexes
  1693 | D        | Noticed Urug
  1699 | D        | Killed Urug
  1747 | D        | Noticed an eight-headed hydra
  1747 | D        | Noticed a six-headed hydra
  1749 | D        | HP: 3/62 [electric eel/bolt of electricity (10)]
  1886 | D        | Killed a six-headed hydra
  1904 | D        | Killed an eight-headed hydra
  2078 | D        | Noticed a death drake
  2081 | D        | Killed a death drake
  2157 | D        | Noticed an anaconda
  2167 | D        | Killed an anaconda
  2169 | D        | Reached skill level 17 in Stealth
  2278 | D        | Noticed an anaconda
  2296 | D        | Killed an anaconda
  2484 | D        | Reached skill level 10 in Fighting
  2519 | D        | Noticed an anaconda
  2519 | D        | Noticed an anaconda
  2520 | D        | Killed an anaconda
  2523 | D        | Killed an anaconda
  2523 | D        | Reached skill level 15 in Short Blades
  2523 | D        | Reached XP level 12. HP: 67/67 MP: 31/31
  2582 | D        | Noticed a naga warrior
  2582 | D        | Noticed a nagaraja
  2582 | D        | Found Nuqaf's Antique Weapon Shop.
  2582 | D        | Found Vuxeirgh's Distillery.
  2582 | D        | Found Foahyoma's Book Boutique.
  2584 | D        | Reached skill level 18 in Stealth
  2586 | D        | Killed a nagaraja
  2586 | D        | Reached skill level 15 in Spellcasting
  2587 | D        | Killed a naga warrior
  2605 | D        | Got a serpentine rune of Zot
  2662 | D        | Found a blossoming altar of Fedhas.
  2797 | D        | Found Cittipti's Magic Scroll Shop.
  2797 | D        | Noticed an orc high priest
  2806 | D        | Killed an orc high priest
  2971 | D        | Killed Nessos
  3560 | D        | Bought a book of Party Tricks for 650 gold pieces
  3560 | D        | Bought a book of Flames for 455 gold pieces
  3567 | D        | Learned a level 6 spell: Invisibility
  3573 | D        | Learned a level 5 spell: Alistair's Intoxication
  3576 | D        | Learned a level 2 spell: Throw Flame
  3582 | D        | Learned a level 5 spell: Fireball
  3670 | D        | Reached skill level 1 in Poison Magic
  3675 | D        | Reached skill level 1 in Conjurations
  3727 | D        | Reached skill level 19 in Stealth
  3748 | D        | Noticed a dire elephant
  3748 | D        | Noticed a dire elephant
  3748 | D        | Noticed Gastronok
  3754 | D        | Killed a dire elephant
  3756 | D        | Killed a dire elephant
  3758 | D        | Killed Gastronok
  3805 | D        | Noticed an azure jelly
  3805 | D        | Noticed an azure jelly
  3805 | D        | Noticed an azure jelly
  3806 | D        | Noticed an azure jelly
  3808 | D        | Noticed Rupert
  3815 | D        | Killed Rupert
  3815 | D        | Reached skill level 5 in Poison Magic
  3815 | D        | Reached XP level 13. HP: 74/74 MP: 33/33
  3829 | D        | Reached skill level 20 in Stealth
  4073 | D        | Noticed Polyphemus
  4075 | D        | Noticed Ilsuiw
  4076 | D        | Killed Polyphemus
  4076 | D        | Reached skill level 5 in Conjurations
  4089 | D        | Killed Ilsuiw
  4142 | D        | Found Disilo's Book Shoppe.
  4142 | D        | Found Beebuun's Antique Weapon Boutique.
  4142 | D        | Found Zaetota's Food Emporium.
  4142 | D        | Noticed a merfolk javelineer
  4149 | D        | Killed a merfolk javelineer
  4149 | D        | Reached skill level 21 in Stealth
  4165 | D        | Got a barnacled rune of Zot
  5338 | D        | Killed an azure jelly
  5371 | D        | Slain by an azure jelly

Skill      XL: |  1  2  3  4  5  6  7  8  9 10 11 12 13 |
---------------+----------------------------------------+-----
Short Blades   | 4 5 6 8 11 13 15 16 17 | 17.5
Fighting       | 2 3 4 6 8 10 11 12 | 12.6
Stealth        | 6 7 9 12 15 17 19 21 | 21.2
Dodging        | 7 11 14 15 17 19 20 | 20.2
Spellcasting   | 6 10 12 13 14 15 | 15.5
Evocations     | 6 10 11 | 11.0
Hexes          | 8 11 12 | 12.8
Poison Magic   | 5 8 |  8.0
Conjurations   | 3 6 |  6.1

Action                   |  1- 3 |  4- 6 |  7- 9 | 10-12 | 13-15 || total
-------------------------+-------+-------+-------+-------+-------++-------
Melee: Dagger            |     8 |     2 |    60 |   125 |   159 ||   354
 Cast: Confuse           |     2 |       |     6 |    31 |     8 ||    47
       Ensorcelled Hiber |       |       |     3 |    45 |    41 ||    89
       Dazzling Spray    |       |       |     2 |     6 |       ||     8
       Invisibility      |       |       |       |     1 |     1 ||     2
       Throw Flame       |       |       |       |       |    10 ||    10
       Fireball          |       |       |       |       |     3 ||     3
       Alistair's Intoxi |       |       |       |       |     2 ||     2
Invok: Shadow Step       |       |       |       |     3 |     5 ||     8
Evoke: Wand              |       |       |       |       |     2 ||     2
  Use: Scroll            |       |       |       |     3 |       ||     3
       Potion            |       |       |       |       |     1 ||     1
 Stab: Sleeping          |     6 |     2 |    12 |    56 |    34 ||   110
       Confused          |     1 |       |     5 |     7 |     9 ||    22
       Invisible         |       |       |     3 |     1 |     3 ||     7
  Eat: Ration            |       |       |       |     1 |     1 ||     2
Armor: Robe              |       |       |     1 |       |     4 ||     5
Dodge: Dodged            |     1 |       |    16 |    69 |   199 ||   285
